Map: Curious Minds LE

Players

LNGghost - Winner!

  • Race: Terran Terran

VOD

Have the link to the VOD?

Description

Time

  • Played on: Feb. 3, 2022, 7:47 a.m.
  • Length: 13:55
Show
View Real Time Build Order
Export as new Build Order

LNGghost Terran - Winner!

Build Orders:  

Get SALT Encoding   

  12  0:00  SCV  
  13  0:17  SCV  
  14  0:24  Supply Depot  
  14  0:34  SCV  
  15  0:54  SCV  
  15  0:55  Barracks  
  16  1:02  Refinery  
  16  1:11  SCV  
  17  1:28  SCV  
  18  1:45  SCV  
  19  2:02  Orbital Command  
  19  2:12  Barracks Reactor  
  19  2:22  Command Center  
  19  2:34  Supply Depot  
  19  2:37  SCV  
  20  2:54  SCV  
  21  3:02  Marine  
  21  3:03  Marine  
  21  3:07  Barracks  
  23  3:11  SCV  
  24  3:27  Marine, Barracks  
  24  3:28  Marine, SCV  
  27  3:45  SCV  
  28  3:52  Marine  
  28  3:53  Marine  
  30  4:01  Refinery  
  30  4:04  Orbital Command  
  30  4:16  Stimpack  
  30  4:17  Marine x2, Barracks Tech Lab  
  32  4:21  SCV  
  33  4:37  Supply Depot  
  33  4:38  Barracks Tech Lab, SCV  
  34  4:41  SCV  
  34  4:42  Marine x2  
  37  4:50  Marine  
  37  4:56  SCV  
  37  4:57  SCV  
  40  5:06  Unknown  
  40  5:07  Marine x2  
  42  5:16  Supply Depot  
  42  5:17  Marauder  
  44  5:24  Marauder  
  44  5:25  SCV  
  44  5:28  SCV  
  48  5:36  Refinery  
  48  5:41  Marine  
  48  5:42  SCV  
  48  5:43  Marine  
  48  5:44  SCV  
  48  5:48  Supply Depot  
  52  5:52  Marauder  
  52  5:59  SCV  
  55  6:01  SCV  
  55  6:09  Factory  
  56  6:16  SCV  
  56  6:18  SCV  
  58  6:20  Supply Depot  
  58  6:23  Marine x2  
  58  6:24  Marauder  
  58  6:29  Marauder  
  64  6:35  SCV  
  65  6:42  SCV  
  66  6:57  SCV, Supply Depot  
  66  6:59  SCV  
  68  7:03  Concussive Shells  
  68  7:06  Marine, Marauder x2  
  68  7:07  Marine  
  74  7:12  Starport, Factory Reactor  
  74  7:14  SCV  
  74  7:16  SCV  
  74  7:18  Refinery  
  76  7:28  Supply Depot  
  76  7:32  SCV, Engineering Bay  
  76  7:33  SCV  
  76  7:36  Marine x2  
  76  7:38  Marauder  
  82  7:42  Marauder  
  84  7:55  SCV x2  
  86  8:17  Medivac x2  
  90  8:21  Supply Depot  
  90  8:25  Supply Depot  
  90  8:29  Factory Tech Lab  
  90  8:30  Command Center  
  90  8:34  SCV  
  90  8:35  SCV  
  92  8:48  Terran Infantry Weapons Level 1  
  92  8:49  Supply Depot  
  92  8:51  SCV x2  
  92  8:57  Armory  
  92  8:59  Medivac x2  
  98  9:02  Engineering Bay  
  98  9:06  Supply Depot  
  98  9:08  SCV  
  99  9:11  SCV  
  99  9:18  Siege Tank  
  103  9:25  SCV  
  104  9:31  Supply Depot  
  104  9:39  Terran Infantry Armor Level 1, Supply Depot  
  104  9:41  Medivac x2  
  108  9:55  Marine, Marauder x2  
  108  9:56  Marine  
  114  10:08  Siege Tank  
  117  10:25  Terran Vehicle And Ship Armor Level 1  
  117  10:28  SCV x2  
  117  10:29  Planetary Fortress, Barracks  
  118  10:31  Barracks  
  118  10:33  Missile Turret  
  118  10:39  Marauder x2  
  122  10:40  Marine x2  
  122  10:44  Supply Depot  
  109  11:00  Siege Tank  
  109  11:05  Marine x2, Unknown  
  109  11:09  Marauder x2  
  110  11:23  Siege Tank  
  110  11:30  Marine x2  
  110  11:38  Barracks Reactor  
  110  11:39  Barracks Tech Lab, Marauder x2  
  116  11:43  SCV x3  
  116  11:44  Ghost Academy  
  116  11:45  Siege Tank  
  116  11:49  Refinery x2  
  122  11:54  Medivac  
  124  12:00  SCV x3  
  125  12:14  Marauder x2  
  125  12:15  Marauder  
  125  12:16  Marine x2  
  133  12:39  Marine x2  
  135  12:41  Marine x2  
  135  12:44  Marauder x2  
  135  12:45  Thor, Marauder  
  149  13:07  Marine  
  149  13:08  Marine x3  
  153  13:14  Marine x2  
  153  13:15  Marine  
  156  13:21  SCV, Command Center  
  156  13:22  SCV  
  156  13:23  Command Center  
  163  13:48  Supply Depot  
Tags
 
Add a new tag
Caveats
  • Supply blocks, unpowered buildings, or Contaminate may cause inaccurate times.
  • Supply counts are checked every 10 seconds.